 Dungeon Crawl Stone Soup version 0.28-a0-1616-g050a50673c (webtiles) character file.

Game seed: 12562988460523081766

11 a3don the Chiller (level 2, -1/19 HPs)
             Began as a Demonspawn Ice Elementalist on Jan 22, 2022.
             Slain by a jackal (2 damage)
             ... on level 1 of the Dungeon.
             The game lasted 00:00:39 (517 turns).

a3don the Chiller (Demonspawn Ice Elementalist)      Turns: 517, Time: 00:00:40

Health: -1/19      AC:  2    Str:  8    XL:     2   Next: 17%
Magic:  5/5        EV: 12    Int: 16    God:
Gold:   2          SH:  0    Dex: 13    Spells: 4/5 levels left

rFire   . . .      SeeInvis .   d - +0 short sword
rCold   . . .      Faith    .   (no shield)
rNeg    . . .      Spirit   .   a - +0 robe
rPois   .          Reflect  .   (helmet restricted)
rElec   .          Harm     .   (no cloak)
rCorr   .          Rampage  .   (no gloves)
Will    .....                   (no boots)
Stlth   ++........              (no amulet)
HPRegen 0.06/turn               (no ring)
MPRegen 0.09/turn               (no ring)

@: no status effects
A: antennae 1
a: no special abilities


You were on level 1 of the Dungeon.
You visited 1 branch of the dungeon, and saw 1 of its levels.

You collected 2 gold pieces.

Inventory:

Hand Weapons
 c - a +0 dagger
 d - a +0 short sword (weapon)
Missiles
 e - 18 stones
Armour
 a - a +0 robe (worn)
Scrolls
 b - 2 scrolls of amnesia {unknown}


   Skills:
 + Level 2.0 Dodging
 + Level 2.0 Stealth
 + Level 2.2 Spellcasting
 + Level 3.7 Ice Magic


You had 4 spell levels left.
You knew the following spells:

 Your Spells              Type           Power      Damage    Failure   Level
a - Freeze                Ice            52%        1d7       4%          1

Your spell library contained the following spells:

 Spells                   Type           Power      Damage    Failure   Level
 Frozen Ramparts          Ice            26%        1d4       13%         3
 Ozocubu's Armour         Ice            13%        N/A       13%         3
 Hailstorm                Conj/Ice       7%         3d4       67%         4


Dungeon Overview and Level Annotations

Branches:
Dungeon (1/15)

Altars:


Innate Abilities, Weirdness & Mutations

You have a pair of small antennae on your head.


Message History

The jackal is moderately wounded.
The jackal barely misses you. The jackal closely misses you.
The jackal misses you. The jackal closely misses you. The jackal bites you.
The jackal closely misses you.
The jackal bites you but does no damage.
The jackal barely misses you.
The jackal bites you but does no damage.
You hit the jackal.
The jackal is lightly wounded.
The jackal bites you.
You barely miss the jackal.
The jackal is lightly wounded.
The jackal closely misses you. The jackal bites you.
You barely miss the jackal.
The jackal is lightly wounded.
The jackal bites you. The jackal barely misses you.
You barely miss the jackal. The jackal bites you.
You hit the jackal.
The jackal is severely wounded.
The jackal bites you. The jackal closely misses you.
You barely miss the jackal.
The jackal is severely wounded.
The jackal closely misses you.
You hit the jackal but do no damage.
The jackal is severely wounded.
The jackal misses you. The jackal bites you.
* * * LOW HITPOINT WARNING * * *
You closely miss the jackal.
The jackal is severely wounded.
The jackal bites you.
* * * LOW HITPOINT WARNING * * *
You barely miss the jackal.
The jackal is severely wounded.
The jackal barely misses you. The jackal bites you.
* * * LOW HITPOINT WARNING * * *
You closely miss the jackal.
The jackal is severely wounded.
The jackal bites you.
You die...

#............##.♣.....
#............#........
#............#♣......8
#............#..♣.....
#............#........
##h..........#........
#### #.{...)#....#.......[
#..###.#####.....#♣.......
#.....hhh@.......#.......♣
#......####....#.#........
##..#.......#.##.##.<.....
#.........##.# ..##......
##..#........# #..##.....
##.....#.##.####..#≈....
#..............#.###♣♣#
##........#.#.......####
#)...####.......#.......


You could see 3 jackals.

Vanquished Creatures
  A dart slug (D:1)
  An endoplasm (D:1)
  2 giant cockroaches (D:1)
  A goblin (D:1)
  A ball python (D:1)
  3 kobolds (D:1)
9 creatures vanquished.

Notes
Turn   | Place    | Note
-------+----------+-------------------------------------------
     0 | D:1      | a3don the Demonspawn Ice Elementalist began the quest for
                  | the Orb.
     0 | D:1      | Reached XP level 1. HP: 13/13 MP: 3/3
   244 | D:1      | Gained mutation: You have a pair of small antennae on your
                  | head. [demonic ancestry]
   244 | D:1      | Reached XP level 2. HP: 19/19 MP: 3/5
   517 | D:1      | Slain by a jackal

Illustrated notes

Levels and vault maps discovered:
D:1:      nzn_arrival_settlement, layout_rooms, minivault_4

Skill      XL: |  1 |
---------------+----+-----
Stealth        | 2 |  2.0
Dodging        | 2 |  2.0
Spellcasting   | |  2.2
Ice Magic      | |  3.7

Action                   || total
-------------------------++-------
Melee: Unarmed           ||     4
       Short sword       ||    14
       Dagger            ||     1
 Cast: Freeze            ||    12
 Stab: Sleeping          ||     1
Armor: Robe              ||     3
Dodge: Dodged            ||    23

Table legend: (Time is in decaauts)
 A = Elapsed time spent in this place.
 B = Non-inter-level travel time spent in this place.
 C = Inter-level travel time spent in this place.
 D = Time resting spent in this place.
 E = Time spent auto-exploring this place.
 F = Levels seen in this place.
 G = Mean time per level.
                   A        B        C        D        E       F      G
               +--------+--------+--------+--------+--------+-----+--------+
         Total |    517 |    517 |      0 |      0 |    431 |   1 |  517.0 |
       Dungeon |    517 |    517 |      0 |      0 |    431 |   1 |  517.0 |
               +--------+--------+--------+--------+--------+-----+--------+

Top non-repeatable levels by time:
     D:1: 517 daAuts
